 Dungeon Crawl Stone Soup version 0.21.1-1-g345015fe64 (webtiles) character file.

12546 JOKERXD40 the Basher (level 11, -14/104 HPs)
             Began as a Minotaur Berserker on June 25, 2018.
             Was a High Priest of Trog.
             Demolished by a death knight
             ... wielding a +4 vampiric glaive
              (25 damage)
             ... on level 11 of the Dungeon on June 26, 2018.
             The game lasted 00:28:15 (6477 turns).

JOKERXD40 the Basher (Minotaur Berserker)           Turns: 6477, Time: 00:28:16

Health: -14/104    AC: 13    Str: 25    XL:     11   Next: 63%
Magic:  3/3        EV: 17    Int:  4    God:    Trog [*****.]
Gold:   742        SH:  4    Dex: 19    Spells: 10/10 levels left

rFire    . . .     SeeInvis .   J - +6 great mace (antimagic)
rCold    + . .     Gourm    .   (shield currently unavailable)
rNeg     . . .     Faith    .   H - +0 chain mail
rPois    .         Spirit   .   (helmet restricted)
rElec    .         Reflect  +   (no cloak)
rCorr    .         Harm     .   (no gloves)
MR       .....                  F - +0 pair of boots
Stlth    ..........             z - +4 amulet of reflection
HPRegen  0.27/turn              k - ring of protection from cold
MPRegen  0.08/turn              q - +4 ring of dexterity

@: agile, berserk cooldown, slowed, very slow
A: retaliatory headbutt, horns 2
a: Berserk, Trog's Hand, Brothers in Arms, Burn Spellbooks, Renounce Religion


You were on level 11 of the Dungeon.
You worshipped Trog.
Trog was extremely pleased with you.
You were not hungry.

You visited 1 branch of the dungeon, and saw 11 of its levels.

You collected 742 gold pieces.

Inventory:

Hand Weapons
 t - a +1 flail of draining
 J - a +6 antimagic great mace (weapon)
Missiles
 d - 11 tomahawks (quivered)
Armour
 F - a +0 pair of boots (worn)
 H - a +0 chain mail (worn)
Jewellery
 k - a ring of protection from cold (left hand)
 q - a +4 ring of dexterity (right hand)
 z - a +4 amulet of reflection (around neck)
 B - an uncursed ring of protection from cold
 E - an uncursed ring of fire {unknown}
 G - an uncursed ring of see invisible {unknown}
Wands
 g - a wand of disintegration (37)
 w - a wand of iceblast (10)
 y - a wand of enslavement (12)
 A - a wand of scattershot (3)
 L - a wand of polymorph (19)
Scrolls
 e - a scroll of identify
 f - 5 scrolls of enchant armour
 j - 5 scrolls of remove curse
 m - a scroll of magic mapping
 n - 3 scrolls of amnesia
 p - 5 scrolls of teleportation
 s - a scroll of fear
 u - a scroll of blinking {unknown}
 K - a scroll of enchant weapon
 N - a scroll of acquirement {unknown}
Potions
 b - 2 potions of haste
 i - 2 potions of ambrosia
 l - a potion of brilliance {unknown}
 o - 2 potions of flight
 r - 3 potions of agility
 v - a potion of curing {unknown}
 C - a potion of cancellation {unknown}
 D - a potion of invisibility {unknown}
 M - a potion of resistance {unknown}
Books
 x - a book of Changes

   Spells                             Type                      Level
   a - Beastly Appendage              Transmutation                1
   b - Sticks to Snakes               Transmutation                2
   c - Spider Form                    Transmutation/Poison         3
   d - Ice Form                       Ice/Transmutation            4
   e - Blade Hands                    Transmutation                5
   Trog disapproves of the use of such an item.
 I - a book of Party Tricks

   Spells                             Type                      Level
   a - Summon Butterflies             Summoning                    1
   b - Apportation                    Translocation                1
   c - Lesser Beckoning               Translocation                3
   d - Tukima's Dance                 Hexes                        3
   e - Alistair's Intoxication        Transmutation/Poison         5
   f - Invisibility                   Hexes                        6
   Trog disapproves of the use of such an item.
Comestibles
 c - 11 rations


   Skills:
 + Level 11.9 Fighting
 + Level 14.8 Maces & Flails
 + Level 0.2 Throwing
 + Level 10.4 Armour
 + Level 5.8 Dodging
 + Level 1.0 Stealth


You had 10 spell levels left.
You didn't know any spells.

Dungeon Overview and Level Annotations

Branches:
Dungeon (11/15)            Temple (0/1) D:7            Lair (0/6) D:11
    Orc (0/2) D:9

Altars:
Ashenzari
Cheibriados
Dithmenos
Elyvilon
Hepliaklqana
Makhleb
Qazlal
Sif Muna
Trog
Uskayaw
Wu Jian
Xom
Zin
The Shining One

Annotations:
D:9 exclusion: oklob plant


Innate Abilities, Weirdness & Mutations

You reflexively headbutt those who attack you in melee.
You have a pair of horns on your head.


Message History

The death knight reflects your damage back at you!
* * * LOW HITPOINT WARNING * * *
You feel agile all of a sudden.
The freezing wraith hits the plant!
The freezing wraith freezes the plant!!
The freezing wraith hits the plant but does no damage.
The phantasmal warrior closely misses you.
The porcupine bites the plant!
Cornered, the porcupine turns to fight!
You block the death knight's attack.
The freezing wraith hits the plant.
The freezing wraith freezes the plant!!
The plant is destroyed!
The black bear bites the fungus!
The black bear claws the fungus. x2
The phantasmal warrior barely misses you.
The death knight's dark mirror aura disappears.
The black bear bites the fungus.
The black bear claws the fungus but does no damage.
The black bear claws the fungus.
Cornered, the black bear turns to fight!
The phantasmal warrior blinks!
The death knight misses you.
The death knight hits you from afar with a vampiric glaive!!
You die...

** *,,,,,,,,*,,,,* #.#<.. ,*
*,*,*,,,,****.***#######.#...
,****,,,,,,,,* ##.,,,............
,,,,,,*,*,**** #..****#####..##..
***,,,,,,,* #.#* ##......
*,*,*****#####.# ##.......
***,,<* *###.....########...####.
,**,,****PP.......†)}†.....##*,..
,**,***,,..P....@#########.#**,*.
,**,**,,,.P..P..Pr# *,....,,,,
**,,,,,,,P...P.Pp.#*****...#.#.*,
**,,,,,,,...P.PPW.§..............
*,,*,,,,,P#+##.%W..#######.#.#u#.
,,,*,,,,,,*,,#Ph...#* *.......
,*,**,,,,,*,>#..PP..* *.#.#.#.
*,,**,,,,,***#......#*****,,,,,,,
,,***,,,,,,,,PPPP....,,,,,,*,*,*,


You could see a death knight, a phantasmal warrior, a freezing wraith, a black
bear and a porcupine.

Vanquished Creatures
  8 two-headed ogres
  The ghost of Gargoyl the Chopper, a novice CeAK of Lugonu (D:9)
  An ugly thing (D:11)
  Joseph (D:9)
  Psyche (D:9)
  A gargoyle (D:9)
  A kobold demonologist (D:11)
  A freezing wraith (D:11)
  Grinder (D:3)
  A hippogriff (D:7)
  A wyvern (D:8)
  A vampire (D:10)
  2 hungry ghosts
  A human (D:9)
  3 sky beasts
  3 ice beasts
  2 phantoms
  5 ogres
  A black bear (D:11)
  4 centaurs
  2 big kobolds
  5 bullfrogs
  5 scorpions
  A howler monkey (D:4)
  4 wights (D:8)
  9 crimson imps
  5 orc priests
  4 hounds
  2 jellies
  10 orc wizards
  2 bullfrog skeletons (D:5)
  A centaur skeleton (D:6)
  5 iguanas
  3 worker ants
  Natasha (D:2)
  A howler monkey zombie (D:7)
  4 gnolls (D:5)
  12 adders
  A shadow imp (D:5)
  An adder skeleton (D:7)
  4 dart slugs
  A worm (D:2)
  3 leopard geckos
  34 orcs
  2 ball pythons
  4 bats
  5 giant cockroaches
  10 goblins
  8 hobgoblins
  8 jackals
  3 quokkas
  6 frilled lizards
  20 kobolds
  A leopard gecko skeleton (D:4)
  A quokka skeleton (D:4)
  8 rats
  A butterfly (D:7)
237 creatures vanquished.

Vanquished Creatures (others)
  A fungus (D:11)
  2 plants (D:11)
3 creatures vanquished.

Grand Total: 240 creatures vanquished

Notes
Turn   | Place    | Note
-------+----------+-------------------------------------------
     0 | D:1      | JOKERXD40 the Minotaur Berserker began the quest for the Orb.
     0 | D:1      | Reached XP level 1. HP: 19/19 MP: 0/0
   152 | D:1      | Reached skill level 4 in Maces & Flails
   152 | D:1      | Reached XP level 2. HP: 16/27 MP: 1/1
   673 | D:2      | Reached XP level 3. HP: 23/33 MP: 2/2
   714 | D:2      | Reached ** piety under Trog
   932 | D:2      | Found a hide-covered altar of Uskayaw.
  1033 | D:2      | Reached XP level 4. HP: 26/41 MP: 3/3
  1386 | D:2      | Noticed Natasha
  1393 | D:2      | Killed Natasha
  1599 | D:3      | Reached skill level 5 in Maces & Flails
  1628 | D:3      | Noticed Grinder
  1628 | D:3      | Reached skill level 5 in Fighting
  1647 | D:3      | Killed Grinder
  1647 | D:3      | Reached skill level 6 in Maces & Flails
  1647 | D:3      | Reached XP level 5. HP: 40/49 MP: 4/4
  1647 | D:3      | Reached XP level 6. HP: 46/56 MP: 5/5
  1777 | D:3      | Found a shimmering altar of Xom.
  2116 | D:4      | Reached *** piety under Trog
  2178 | D:4      | Found a burning altar of Makhleb.
  2211 | D:4      | Found a shadowy altar of Dithmenos.
  2235 | D:4      | Found a stormy altar of Qazlal.
  2303 | D:4      | Reached XP level 7. HP: 57/63 MP: 6/6
  2503 | D:4      | Reached skill level 7 in Maces & Flails
  2933 | D:5      | Entered Level 5 of the Dungeon
  3040 | D:5      | Reached skill level 8 in Maces & Flails
  3040 | D:5      | Reached XP level 8. HP: 54/71 MP: 7/7
  3111 | D:5      | Found a shimmering altar of Xom.
  3112 | D:5      | Found a hazy altar of Hepliaklqana.
  3113 | D:5      | Noticed a spectral ugly thing
  3293 | D:5      | Reached **** piety under Trog
  3293 | D:5      | Reached skill level 5 in Armour
  3481 | D:6      | Found a white marble altar of Elyvilon.
  3520 | D:6      | Reached skill level 9 in Maces & Flails
  4180 | D:7      | Found an ornate altar of the Wu Jian Council.
  4189 | D:7      | Reached skill level 5 in Dodging
  4189 | D:7      | Reached XP level 9. HP: 47/81 MP: 8/8
  4243 | D:7      | Reached skill level 1 in Stealth
  4260 | D:7      | Reached ***** piety under Trog
  4260 | D:7      | Reached skill level 10 in Maces & Flails
  4440 | D:7      | Found a staircase to the Ecumenical Temple.
  4623 | D:8      | Found a shimmering altar of Xom.
  4624 | D:8      | Noticed a two-headed ogre
  4631 | D:8      | Killed a two-headed ogre
  4631 | D:8      | Reached skill level 11 in Maces & Flails
  4677 | D:8      | Noticed a two-headed ogre
  4685 | D:8      | Killed a two-headed ogre
  4685 | D:8      | Reached skill level 12 in Maces & Flails
  4685 | D:8      | Reached XP level 10. HP: 92/92 MP: 9/9
  4759 | D:8      | Noticed a two-headed ogre
  4767 | D:8      | Killed a two-headed ogre
  4767 | D:8      | Reached skill level 10 in Fighting
  4820 | D:8      | Noticed a two-headed ogre
  4830 | D:8      | Killed a two-headed ogre
  4922 | D:8      | Found a shattered altar of Ashenzari.
  4924 | D:8      | Found a glowing silver altar of Zin.
  4928 | D:8      | Reached skill level 13 in Maces & Flails
  4929 | D:8      | Found a white marble altar of Elyvilon.
  4929 | D:8      | Found a deep blue altar of Sif Muna.
  4932 | D:8      | Found a glowing golden altar of the Shining One.
  4975 | D:9      | Noticed Joseph
  4985 | D:9      | Killed Joseph
  5010 | D:9      | Noticed a gargoyle
  5027 | D:9      | Killed a gargoyle
  5117 | D:9      | Found a bloodstained altar of Trog.
  5118 | D:9      | Noticed an oklob plant
  5132 | D:9      | Found a snail-covered altar of Cheibriados.
  5185 | D:9      | Found a staircase to the Orcish Mines.
  5192 | D:9      | Noticed a two-headed ogre
  5199 | D:9      | Noticed Gargoyl's ghost (novice CeAK)
  5201 | D:9      | Killed a two-headed ogre
  5212 | D:9      | Reached XP level 11. HP: 89/102 MP: 10/10
  5273 | D:9      | Killed Gargoyl's ghost
  5345 | D:9      | Noticed Psyche
  5352 | D:9      | Killed Psyche
  5489 | D:10     | Entered Level 10 of the Dungeon
  5505 | D:10     | Received a gift from Trog
  5505 | D:10     | Reached skill level 14 in Maces & Flails
  5621 | D:10     | Noticed a two-headed ogre
  5627 | D:10     | Killed a two-headed ogre
  5722 | D:10     | Noticed a two-headed ogre
  5727 | D:10     | Killed a two-headed ogre
  5827 | D:10     | Noticed a two-headed ogre
  5833 | D:10     | Killed a two-headed ogre
  5833 | D:10     | Reached skill level 10 in Armour
  6447 | D:11     | Noticed a green ugly thing
  6461 | D:11     | Killed a green ugly thing
  6468 | D:11     | Noticed a death knight
  6470 | D:11     | Noticed a phantasmal warrior
  6477 | D:11     | Demolished by a death knight

Skill      XL: |  1  2  3  4  5  6  7  8  9 10 11 |
---------------+----------------------------------+-----
Maces & Flails | 4 6 8 9 12 13 14 | 14.8
Fighting       | 4 5 6 8 9 11 | 11.9
Dodging        | 3 4 5 |  5.8
Armour         | 3 4 6 8 9 10 | 10.4
Stealth        | 1 |  1.0
Throwing       | |  0.2

Action                   |  1- 3 |  4- 6 |  7- 9 | 10-12 || total
-------------------------+-------+-------+-------+-------++-------
Melee: Mace              |    71 |    97 |    61 |       ||   229
       Headbutt          |    17 |    15 |    55 |    47 ||   134
       Flail             |       |       |   202 |   124 ||   326
       Great mace        |       |       |       |    50 ||    50
Throw: Tomahawk          |       |     2 |       |       ||     2
Invok: Berserk           |     1 |     2 |     5 |     7 ||    15
  Use: Scroll            |       |     2 |     1 |    13 ||    16
       Potion            |       |       |       |     1 ||     1
  Eat: Chunk             |       |     6 |     7 |     6 ||    19
       Ration            |       |       |     2 |     3 ||     5
Armor: Animal skin       |    16 |     7 |       |       ||    23
       Chain mail        |       |    23 |    96 |    63 ||   182
Dodge: Dodged            |    37 |    53 |   125 |    84 ||   299
Block: Other             |       |       |    30 |    26 ||    56
       Reflection        |       |       |     2 |     1 ||     3
